 Dungeon Crawl Stone Soup version 0.26-a0-490-gf8362a0c98 (webtiles) character file.

Game seed: 6995723823779454635

1452 ReteAZ the Skirmisher (level 8, -7/67 HPs)
             Began as a Gnoll Wanderer on Aug 4, 2020.
             Was a Believer of Makhleb.
             Mangled by Duvessa
             ... wielding a +0 short sword
              (11 damage)
             ... on level 6 of the Dungeon.
             The game lasted 00:05:07 (5566 turns).

ReteAZ the Skirmisher (Gnoll Wanderer)              Turns: 5566, Time: 00:05:08

Health: -7/67      AC:  6    Str: 21    XL:     8   Next: 75%
Magic:  13/14      EV: 14    Int: 16    God:    Makhleb [**....]
Gold:   171        SH:  0    Dex: 15    Spells: 14/14 levels left

rFire    . . .     SeeInvis .   D - +3 scythe (flame)
rCold    . . .     Faith    .   (shield currently unavailable)
rNeg     + . .     Spirit   .   E - +3 leather armour {rN+}
rPois    .         Reflect  .   (helmet restricted)
rElec    .         Harm     .   (no cloak)
rCorr    .                      (no gloves)
MR       .....                  (no boots)
Stlth    ++++......             (no amulet)
HPRegen  0.21/turn              y - +6 ring of strength
MPRegen  0.14/turn              F - ring of stealth

@: no status effects
A: distributed training, antennae 1, fangs 1, high mp 1, wild magic 1, strong
nose
a: Minor Destruction, Renounce Religion


You were on level 6 of the Dungeon.
You worshipped Makhleb.
Makhleb was pleased with you.
You visited 1 branch of the dungeon, and saw 6 of its levels.

You collected 307 gold pieces.
You spent 136 gold pieces at shops.

Inventory:

Hand Weapons
 a - a +2 dagger
 c - a +0 short sword
 d - a +0 quarterstaff
 g - a +0 short sword
 q - a +1 spear of flaming
 D - a +3 scythe of flaming (weapon)
Missiles
 s - 9 boomerangs
 B - 18 poisoned darts (quivered)
Armour
 e - a +0 robe
 p - a +0 chain mail
 E - a +3 leather armour of positive energy (worn)
Jewellery
 o - an uncursed ring of resist corrosion
 y - a +6 ring of strength (left hand)
 F - a ring of stealth (right hand)
Wands
 H - a wand of enslavement (6)
Scrolls
 h - 3 scrolls of immolation
 j - a scroll of enchant armour {unknown}
 l - 13 scrolls of identify
 m - 5 scrolls of remove curse
 n - 2 scrolls of blinking
 t - 4 scrolls of teleportation
 u - a scroll of fear {unknown}
 w - 2 scrolls of random uselessness {unknown}
 I - a scroll of magic mapping {unknown}
 K - a scroll of enchant weapon {unknown}
 L - 2 scrolls of amnesia {unknown}
Potions
 b - 3 potions of berserk rage
 f - 2 potions of ambrosia
 i - a potion of might
 k - 2 potions of heal wounds {unknown}
 v - 3 potions of curing {unknown}
 x - a potion of brilliance {unknown}
 z - a potion of magic {unknown}
 A - a potion of resistance {unknown}
 C - 2 potions of flight {unknown}
 G - a potion of degeneration {unknown}
 J - a potion of lignification {unknown}


   Skills:
 + Level 7.5 Fighting
 + Level 3.5 Short Blades
 + Level 4.4 Long Blades
 + Level 3.5 Axes
 + Level 3.5 Maces & Flails
 + Level 3.5 Polearms
 + Level 5.8 Staves
 + Level 3.5 Slings
 + Level 3.5 Bows
 + Level 3.5 Crossbows
 + Level 3.5 Throwing
 + Level 3.5 Armour
 + Level 4.4 Dodging
 + Level 7.0 Stealth
 + Level 3.5 Shields
 + Level 3.5 Unarmed Combat
 + Level 3.5 Spellcasting
 + Level 2.9 Conjurations
 + Level 2.9 Hexes
 + Level 2.9 Summonings
 + Level 2.9 Necromancy
 + Level 2.9 Translocations
 + Level 2.9 Transmutations
 + Level 2.9 Fire Magic
 + Level 2.9 Ice Magic
 + Level 2.9 Air Magic
 + Level 2.9 Earth Magic
 + Level 2.9 Poison Magic
 + Level 3.9 Invocations
 + Level 3.5 Evocations


You had 14 spell levels left.
You didn't know any spells.
Your spell library contained the following spells:

 Spells                   Type           Power        Failure   Level
 Animate Skeleton         Necr           ###...       10%         1
 Apportation              Tloc           ###...       10%         1
 Beastly Appendage        Tmut           ###...       10%         1
 Corona                   Hex            ###....      10%         1
 Summon Small Mammal      Summ           ###.         10%         1
 Wereblood                Tmut           ###.....     14%         2
 Spider Form              Tmut/Pois      ###.......   26%         3
 Ice Form                 Ice/Tmut       ###.....     61%         4
 Blade Hands              Tmut           ###.......   90%         5


Dungeon Overview and Level Annotations

Branches:
Dungeon (6/15)
 Temple: D:4-7

Altars:
Dithmenos
Fedhas
Kikubaaqudgha
Makhleb
Sif Muna
Xom
The Shining One

Shops:
D:4 ?

Annotations:
D:6 Duvessa


Innate Abilities, Weirdness & Mutations

Your experience applies equally to all skills.
You have very sharp teeth.
Your uncanny sense of smell can sniff out nearby items.
You have a pair of small antennae on your head.
You have an increased reservoir of magic. (+10% MP)
Your spells are a little harder to cast, but a little more powerful.


Message History

You hit Duvessa. You burn Duvessa.
Duvessa is heavily wounded.
Duvessa hits you with a +0 short sword. Duvessa closely misses you.
Duvessa hits you but does no damage.
You hit Duvessa. You burn Duvessa. Your bite misses Duvessa.
Duvessa is severely wounded.
Duvessa hits you with a +0 short sword!
* * * LOW HITPOINT WARNING * * *
Duvessa hits you with a +0 short sword!
* * * LOW HITPOINT WARNING * * *
You are too injured to fight recklessly!
You are too injured to fight recklessly!
You are too injured to fight recklessly!
You are too injured to fight recklessly!
You are too injured to fight recklessly!
It was a potion of mutation.
You feel extremely strange.
You feel more energetic. A pair of antennae grows on your head!
You feel less in control of your magic. Duvessa misses you.
Duvessa hits you with a +0 short sword!
You die...

#. ..... #.##### ∆
... #.##... ###...
#.##.## ..##.#
#.##.# #.##.# #.##.#
#.##.####.##.#
#.#####.#..........#
#.)e@..?........####
#.#######.#######
#.# #.# ..# ..# ##.#
#.#


You could see Duvessa (berserk).

Vanquished Creatures
  Sigmund (D:4)
  Edmund (D:4)
  An ice beast (D:6)
  3 ogres
  A centaur (D:5)
  A bullfrog (D:5)
  Dowan (D:6)
  2 howler monkeys (D:4)
  A hound (D:5)
  A bullfrog skeleton (D:4)
  A centaur skeleton (D:4)
  An iguana (D:4)
  5 orc wizards
  3 worker ants
  3 hound skeletons
  3 gnolls (D:5)
  7 adders
  2 ufetubi (D:5)
  2 oozes
  2 adder skeletons
  6 dart slugs
  A leopard gecko (D:4)
  16 orcs
  4 giant cockroaches
  4 goblins
  8 hobgoblins
  6 jackals
  7 kobolds
  5 quokkas
  A ball python (D:4)
  4 bats
  5 frilled lizards
  7 rats
116 creatures vanquished.

Notes
Turn   | Place    | Note
-------+----------+-------------------------------------------
     0 | D:1      | ReteAZ the Gnoll Wanderer began the quest for the Orb.
     0 | D:1      | ReteAZ set off with the following items: a +2 dagger, a
                  | potion of berserk rage, a +0 short sword, a +0
                  | quarterstaff, a +0 robe
     0 | D:1      | Reached XP level 1. HP: 23/23 MP: 1/1
   485 | D:1      | Reached XP level 2. HP: 29/29 MP: 2/2
  1199 | D:2      | Reached XP level 3. HP: 35/35 MP: 3/3
  1320 | D:2      | Reached skill level 1 in Invocations
  1439 | D:2      | Reached skill level 1 in Short Blades
  1439 | D:2      | Reached skill level 1 in Axes
  1439 | D:2      | Reached skill level 1 in Maces & Flails
  1439 | D:2      | Reached skill level 1 in Polearms
  1439 | D:2      | Reached skill level 1 in Slings
  1439 | D:2      | Reached skill level 1 in Bows
  1439 | D:2      | Reached skill level 1 in Crossbows
  1439 | D:2      | Reached skill level 1 in Throwing
  1439 | D:2      | Reached skill level 1 in Armour
  1439 | D:2      | Reached skill level 1 in Shields
  1439 | D:2      | Reached skill level 1 in Unarmed Combat
  1439 | D:2      | Reached skill level 1 in Spellcasting
  1439 | D:2      | Reached skill level 1 in Evocations
  1475 | D:2      | Found a shimmering altar of Xom.
  1693 | D:2      | Found a burning altar of Makhleb.
  1848 | D:2      | Reached XP level 4. HP: 32/41 MP: 5/5
  1854 | D:2      | Became a worshipper of Makhleb the Destroyer
  2199 | D:3      | Reached skill level 1 in Conjurations
  2199 | D:3      | Reached skill level 1 in Hexes
  2199 | D:3      | Reached skill level 1 in Summonings
  2199 | D:3      | Reached skill level 1 in Necromancy
  2199 | D:3      | Reached skill level 1 in Translocations
  2199 | D:3      | Reached skill level 1 in Transmutations
  2199 | D:3      | Reached skill level 1 in Fire Magic
  2199 | D:3      | Reached skill level 1 in Ice Magic
  2199 | D:3      | Reached skill level 1 in Air Magic
  2199 | D:3      | Reached skill level 1 in Earth Magic
  2199 | D:3      | Reached skill level 1 in Poison Magic
  2672 | D:3      | Found a glowing golden altar of the Shining One.
  2745 | D:3      | Reached XP level 5. HP: 45/47 MP: 5/7
  2890 | D:4      | Noticed an ogre
  2902 | D:4      | Killed an ogre
  2902 | D:4      | Reached XP level 6. HP: 18/53 MP: 8/8
  3148 | D:4      | Found a shimmering blue altar of Sif Muna.
  3154 | D:4      | Reached skill level 5 in Staves
  3157 | D:4      | Reached * piety under Makhleb
  3410 | D:4      | Found Ohunyn's Magic Scroll Shoppe.
  3418 | D:4      | Bought a scroll of teleportation for 39 gold pieces
  3418 | D:4      | Bought a scroll of blinking for 97 gold pieces
  3569 | D:4      | Noticed Sigmund
  3582 | D:4      | Killed Sigmund
  3582 | D:4      | Reached XP level 7. HP: 54/60 MP: 10/10
  3625 | D:4      | Noticed Edmund
  3631 | D:4      | Killed Edmund
  3742 | D:4      | Found a blossoming altar of Fedhas.
  4010 | D:5      | Entered Level 5 of the Dungeon
  4127 | D:5      | Reached XP level 8. HP: 53/67 MP: 12/12
  4557 | D:5      | Found a shadowy altar of Dithmenos.
  4558 | D:5      | Found an ancient bone altar of Kikubaaqudgha.
  5137 | D:5      | Reached ** piety under Makhleb
  5552 | D:6      | Noticed Dowan
  5557 | D:6      | Noticed Duvessa
  5558 | D:6      | Killed Dowan
  5565 | D:6      | HP: 3/67 [Duvessa/+0 short sword (10)]
  5566 | D:6      | Gained mutation: You have an increased reservoir of magic.
                  | (+10% MP) [potion of mutation]
  5566 | D:6      | Gained mutation: You have a pair of small antennae on your
                  | head. [potion of mutation]
  5566 | D:6      | Gained mutation: Your spells are a little harder to cast,
                  | but a little more powerful. [potion of mutation]
  5566 | D:6      | Mangled by Duvessa

Illustrated notes

Levels and vault maps discovered:
D:1:      tarquinn_simple_flora_water_f, layout_basic
D:2:      layout_basic, lemuel_doored_altar, tgw_xom
D:3:      layout_rooms, nicolae_overflow_crystal_walls
D:4:      layout_rooms, fedhas_altar_2, lemuel_round_altar, serial_shops, shop,
          sigmund_edmund_badplayer
D:5:      layout_cave_pools, nicolae_overflow_hidden_temple, lemuel_round_altar,
          minmay_misc_feat_square, grunt_ministairs_7
D:6:      layout_loops_ring, old_standard_altar, temple_fountains, uniq_duvessa,
          uniq_sigmund

Skill      XL: |  1  2  3  4  5  6  7  8 |
---------------+-------------------------+-----
Stealth        | 6 7 |  7.0
Invocations    | 1 2 3 |  3.9
Short Blades   | 1 2 3 |  3.5
Axes           | 1 2 3 |  3.5
Maces & Flails | 1 2 3 |  3.5
Polearms       | 1 2 3 |  3.5
Slings         | 1 2 3 |  3.5
Bows           | 1 2 3 |  3.5
Crossbows      | 1 2 3 |  3.5
Throwing       | 1 2 3 |  3.5
Armour         | 1 2 3 |  3.5
Shields        | 1 2 3 |  3.5
Unarmed Combat | 1 2 3 |  3.5
Spellcasting   | 1 2 3 |  3.5
Evocations     | 1 2 3 |  3.5
Conjurations   | 1 2 |  2.9
Hexes          | 1 2 |  2.9
Summonings     | 1 2 |  2.9
Necromancy     | 1 2 |  2.9
Translocations | 1 2 |  2.9
Transmutations | 1 2 |  2.9
Fire Magic     | 1 2 |  2.9
Ice Magic      | 1 2 |  2.9
Air Magic      | 1 2 |  2.9
Earth Magic    | 1 2 |  2.9
Poison Magic   | 1 2 |  2.9
Long Blades    | 3 4 |  4.4
Dodging        | 3 4 |  4.4
Staves         | 5 |  5.8
Fighting       | 7 |  7.5

Action                   |  1- 3 |  4- 6 |  7- 9 || total
-------------------------+-------+-------+-------++-------
Melee: Dagger            |    13 |       |       ||    13
       Short sword       |    29 |       |       ||    29
       Bite              |     4 |    14 |     8 ||    26
       Spear             |    55 |   172 |       ||   227
       Punch             |       |     1 |       ||     1
       Scythe            |       |       |   125 ||   125
Throw: Dart              |       |     8 |    16 ||    24
  Use: Scroll            |       |       |     3 ||     3
       Potion            |       |       |     1 ||     1
 Stab: Sleeping          |     2 |       |    10 ||    12
Armor: Robe              |     5 |       |       ||     5
       Chain mail        |    25 |    71 |     3 ||    99
       Leather armour    |       |       |    41 ||    41
Dodge: Dodged            |    39 |    76 |   126 ||   241

Table legend: (Time is in decaauts)
 A = Elapsed time spent in this place.
 B = Non-inter-level travel time spent in this place.
 C = Inter-level travel time spent in this place.
 D = Time resting spent in this place.
 E = Time spent auto-exploring this place.
 F = Levels seen in this place.
 G = Mean time per level.
                   A        B        C        D        E       F      G
               +--------+--------+--------+--------+--------+-----+--------+
         Total |   5679 |   5516 |    163 |    417 |   4192 |   6 |  946.5 |
       Dungeon |   5679 |   5516 |    163 |    417 |   4192 |   6 |  946.5 |
               +--------+--------+--------+--------+--------+-----+--------+

Top non-repeatable levels by time:
     D:5: 1196 daAuts
     D:1: 1195 daAuts
     D:4: 1134 daAuts
     D:3: 909 daAuts
     D:2: 800 daAuts
     D:6: 443 daAuts
